Map: Pillars of Gold LE

Players

PartinG

  • Race: Protoss Protoss
  • Spawn Location: 7:00

TYTY (TY) - Winner!

  • Race: Terran Terran
  • Spawn Location: 1:00

Event: IEM Katowice 2021

VOD

Have the link to the VOD?

Description

Time

  • Played on: Feb. 27, 2021, 11:23 a.m.
  • Length: 5:17

All games in this series

Show
View Real Time Build Order
Export as new Build Order

PartinG Protoss 

Build Orders: 1 Gate Expand 

Get SALT Encoding   

  12  0:00  Probe  
  13  0:12  Probe  
  14  0:17  Pylon  
  14  0:24  Probe  
  15  0:36  Probe  
  15  0:38  Gateway  
  16  0:48  Probe  
  18  1:08  Nexus  
  17  1:14  Assimilator  
  17  1:16  Probe  
  18  1:27  Cybernetics Core  
  18  1:30  Probe  
  19  1:39  Pylon  
  19  1:42  Probe  
  20  1:54  Probe  
  20  1:55  Warp Gate (Chrono Boost)  
  20  1:57  Gateway  
  21  2:03  Adept (Chrono Boost)  
  23  2:10  Probe  
  24  2:20  Probe  
  24  2:22  Probe  
  26  2:29  Gateway  
  26  2:33  Stalker  
  29  2:37  Probe  
  29  2:39  Probe  
  30  2:48  Adept (Chrono Boost)  
  30  2:50  Probe  
  30  2:51  Probe  
  34  3:00  Pylon  
  34  3:02  Probe  
  34  3:03  Probe  
  36  3:14  Probe  
  36  3:15  Probe  
  37  3:22  Adept x2  
  37  3:23  Adept  
  37  3:26  Probe  
  44  3:27  Probe  
  45  3:38  Probe  
  45  3:39  Probe  
  47  3:42  Assimilator  
  47  3:43  Assimilator  
  47  3:45  Twilight Council  
  47  3:51  Probe x2  
  47  3:55  Pylon  
  49  3:56  Pylon  
  49  4:03  Probe x2  
  49  4:04  Assimilator  
  51  4:15  Probe  
  51  4:16  Probe  
  52  4:17  Robotics Facility  
  50  4:27  Probe  
  50  4:28  Probe  
  50  4:39  Probe  
  50  4:40  Probe  
  50  4:48  Stalker x2  
  50  4:52  Probe  
  53  4:56  Stalker  
Show
View Real Time Build Order
Export as new Build Order

TYTY Terran - Winner!

Build Orders:  

Get SALT Encoding   

  12  0:00  SCV  
  13  0:12  SCV  
  14  0:17  Supply Depot  
  14  0:24  SCV  
  15  0:39  SCV  
  15  0:41  Barracks  
  16  0:46  Refinery  
  16  0:51  SCV  
  16  0:55  Refinery  
  17  1:03  SCV  
  18  1:07  Supply Depot  
  18  1:15  SCV  
  19  1:27  Orbital Command  
  19  1:29  Reaper  
  20  1:45  Factory  
  20  1:54  SCV  
  21  2:01  Barracks Reactor  
  21  2:06  SCV  
  22  2:18  SCV  
  22  2:21  Supply Depot  
  23  2:29  Bunker  
  23  2:30  SCV, Starport  
  23  2:31  Widow Mine  
  26  2:37  Marine x2  
  26  2:42  SCV  
  29  2:52  Widow Mine  
  29  2:55  Marine x2  
  33  3:03  Supply Depot  
  33  3:06  Medivac  
  33  3:11  Armory  
  35  3:13  Marine  
  35  3:18  Widow Mine  
  38  3:21  Marine  
  40  3:31  Marine  
  40  3:35  Supply Depot  
  40  3:38  Marine  
  40  3:39  Factory Tech Lab  
  42  3:48  Supply Depot  
  42  3:50  Marine  
  43  3:56  Marine  
  43  4:00  Thor  
  49  4:08  Marine  
  50  4:14  Marine  
  51  4:26  Marine  
  52  4:31  Supply Depot  
  52  4:33  Marine, Supply Depot  
  53  4:43  Marine  
  60  4:59  Marine  

Tags
 
Add a new tag
Caveats
  • Supply blocks, unpowered buildings, or Contaminate may cause inaccurate times.
  • Supply counts are checked every 10 seconds.